 Dungeon Crawl Stone Soup version 0.22.1-2-g9c5b331 (webtiles) character file.

226 Gearfox the Cudgeler (level 5, -4/45 HPs)
             Began as a Draconian Fighter on Nov 28, 2018.
             Slain by a wight
             ... wielding a +3 flail of freezing
              (9 damage)
             ... on level 6 of the Dungeon.
             The game lasted 00:10:11 (3896 turns).

Gearfox the Cudgeler (Draconian Fighter)            Turns: 3896, Time: 00:10:12

Health: -4/45      AC:  8    Str: 20    XL:     5   Next: 69%
Magic:  5/5        EV:  9    Int:  8    God:
Gold:   172        SH:  9    Dex: 10    Spells: 4/4 levels left

rFire    . . .     SeeInvis .   a - +0 flail
rCold    . . .     Gourm    .   b - +1 shield
rNeg     + . .     Faith    .   (armour unavailable)
rPois    .         Spirit   .   (helmet restricted)
rElec    .         Reflect  .   (no cloak)
rCorr    .         Harm     .   j - +2 pair of gloves
MR       .....                  (no boots)
Stlth    +.........             (no amulet)
HPRegen  0.15/turn              e - ring of positive energy
MPRegen  0.09/turn              (no ring)

@: drained
A: unfitting armour, cold-blooded, AC +5
a: no special abilities


You were on level 6 of the Dungeon.
You were not hungry.

You visited 1 branch of the dungeon, and saw 4 of its levels.

You collected 172 gold pieces.

Inventory:

Hand Weapons
 a - a +0 flail (weapon)
 c - a +5 great sword
Armour
 b - a +1 shield (worn)
 j - a +2 pair of gloves (worn)
 p - a +0 ring mail
Jewellery
 e - a ring of positive energy (left hand)
 g - an uncursed ring of see invisible {unknown}
 h - a +2 ring of protection {unknown}
 i - an uncursed ring of see invisible {unknown}
 l - an uncursed ring of wizardry {unknown}
Scrolls
 k - 2 scrolls of teleportation
 n - a scroll of amnesia
Potions
 m - a potion of mutation {unknown}
Comestibles
 d - 4 rations


   Skills:
 * Level 3.2(2.2) Fighting
 - Level 6.0(4.9) Maces & Flails
 - Level 2.6(1.6) Dodging
 - Level 3.0(1.9) Shields


You had 4 spell levels left.
You didn't know any spells.
Your spell library was empty.

Dungeon Overview and Level Annotations

Branches:
Dungeon (3/15)

Altars:
Hepliaklqana
Makhleb
Xom


Innate Abilities, Weirdness & Mutations

Your plain brown scales are hard. (AC +5)
You cannot fit into any form of body armour.
You are cold-blooded and may be slowed by cold attacks.


Message History

The wight hits you with a flail of freezing!
You partially resist.
You feel drained. The wight freezes you. The wight hits you but does no damage.
The wight hits you with a flail of freezing.
You partially resist.
You feel drained.
You feel yourself slow down. The wight freezes you.
You hit the wight but do no damage.
Your tail-slap misses the wight.
The wight is lightly damaged.
The wight barely misses you. You block the wight's attack.
The wight hits you but does no damage.
You closely miss the wight.
The wight is lightly damaged.
You feel yourself speed up.
The wight hits you from afar with a spear!
* * * LOW HITPOINT WARNING * * *
The wight barely misses you.
The wight hits you from afar with a spear.
* * * LOW HITPOINT WARNING * * *
The wight hits you with a flail of freezing!
You die...

####+#+####
#.........#
#.......[.#
#zz@....))#
..............#
#####.........#
.....##+####
......#
#.......#
+........
#........


You could see 2 wights.

Vanquished Creatures
  3 wights (D:6)
  An iron imp (D:2)
  An adder (D:2)
  A worm (D:2)
  3 dart slugs
  A leopard gecko (D:2)
  5 orcs (D:3)
  2 bats
  A giant cockroach (D:3)
  10 goblins
  6 hobgoblins
  4 jackals
  4 kobolds
  A ball python (D:1)
  A frilled lizard (D:1)
  8 rats
52 creatures vanquished.

Notes
Turn   | Place    | Note
-------+----------+-------------------------------------------
     0 | D:1      | Gearfox the Draconian Fighter began the quest for the Orb.
     0 | D:1      | Reached XP level 1. HP: 19/19 MP: 1/1
   471 | D:1      | Reached XP level 2. HP: 26/26 MP: 2/2
   704 | D:1      | Reached skill level 3 in Maces & Flails
  1142 | D:2      | Found a shimmering altar of Xom.
  1144 | D:2      | Found a hazy altar of Hepliaklqana.
  1144 | D:2      | Noticed a wyvern
  1145 | D:2      | Noticed a wyvern
  1145 | D:2      | Noticed a spectral ugly thing
  1221 | D:2      | Reached XP level 3. HP: 5/31 MP: 3/3
  2470 | D:2      | Found a burning altar of Makhleb.
  2476 | D:2      | Reached skill level 4 in Maces & Flails
  2476 | D:2      | Reached XP level 4. HP: 30/38 MP: 4/4
  3521 | D:3      | You fall through a shaft for 3 floors!
  3533 | D:6      | Reached skill level 5 in Maces & Flails
  3533 | D:6      | Reached XP level 5. HP: 23/45 MP: 5/5
  3538 | D:6      | HP: 1/45 [wight/scimitar of slicing (4)]
  3543 | D:6      | Reached skill level 6 in Maces & Flails
  3896 | D:6      | Slain by a wight

Skill      XL: |  1  2  3  4  5 |
---------------+----------------+-----
Maces & Flails | 3 4 5 6 |  6.0
Fighting       | |  3.2
Dodging        | |  2.6
Shields        | |  3.0

Action                   |  1- 3 |  4- 6 || total
-------------------------+-------+-------++-------
Melee: Flail             |    91 |    94 ||   185
       Tailslap          |    11 |     6 ||    17
  Use: Scroll            |     4 |     3 ||     7
       Potion            |     2 |     2 ||     4
  Eat: Chunk             |     4 |     1 ||     5
       Ration            |       |     2 ||     2
Armor: Skin              |    43 |    33 ||    76
Dodge: Dodged            |    50 |    58 ||   108
Block: Shield            |    48 |    51 ||    99
